 Dungeon Crawl Stone Soup version 0.26-a0-668-gd58323b419 (webtiles) character file.

Game seed: 7159532228987270644

15 marklar909 the Skirmisher (level 2, 0/25 HPs)
             Began as a Formicid Abyssal Knight on Oct 19, 2020.
             Was an Initiate of Lugonu.
             Succumbed to an adder's poison
             ... on level 2 of the Dungeon.
             The game lasted 00:00:32 (1328 turns).

marklar909 the Skirmisher (Formicid Abyssal Knight) Turns: 1328, Time: 00:00:32

Health: 0/25       AC:  3    Str: 16    XL:     2   Next: 65%
Magic:  3/3        EV: 11    Int: 11    God:    Lugonu [......]
Gold:   45         SH:  0    Dex: 10    Spells: 1/1 levels left

rFire    . . .     SeeInvis +   a - +1 mace
rCold    . . .     Faith    .   (no shield)
rNeg     . . .     Spirit   .   b - +0 leather armour
rPois    .         Reflect  .   (helmet unavailable)
rElec    .         Harm     .   (no cloak)
rCorr    .         Rampage  .   (no gloves)
MR       .....                  (no boots)
Stlth    +.........             (no amulet)
HPRegen  0.08/turn              (no ring)
MPRegen  0.08/turn              (no ring)

@: lethally poisoned (0 -> -9)
A: permanent stasis, dig shafts and tunnels, four strong arms, antennae 3
a: Dig, Shaft Self, Renounce Religion


You were on level 2 of the Dungeon.
You worshipped Lugonu.
Lugonu was noncommittal.
You visited 1 branch of the dungeon, and saw 2 of its levels.
You visited the Abyss 1 time.

You collected 45 gold pieces.

Inventory:

Hand Weapons
 a - a +1 mace (weapon)
Armour
 b - a +0 leather armour (worn)
Scrolls
 c - 2 scrolls of identify {unknown}
 e - a scroll of fear {unknown}
 f - 3 scrolls of remove curse {unknown}
Potions
 d - 3 potions of might {unknown}


   Skills:
 + Level 3.6 Fighting
 + Level 2.1 Maces & Flails
 + Level 2.2 Armour
 + Level 1.1 Dodging
 + Level 0.7 Stealth
 + Level 2.4 Invocations


You had one spell level left.
You didn't know any spells.
Your spell library was empty.

Dungeon Overview and Level Annotations

Branches:
Dungeon (2/15)

Altars:


Innate Abilities, Weirdness & Mutations

You cannot be hasted, slowed, berserked, paralysed or teleported.
You can dig through walls and to a lower floor.
Your four strong arms can wield two-handed weapons with a shield.
You have a pair of large antennae on your head. (SInv)


Message History

You are too injured to fight recklessly!
Unknown command.
You are too injured to fight recklessly!
Unknown command.
You are too injured to fight recklessly!
You are too injured to fight recklessly!
Unknown command.
You feel sick. The adder bites you but does no damage. The goblin hits you.
* * * LOW HITPOINT WARNING * * *
You hit the adder.
The adder is moderately wounded.
* * * LOW HITPOINT WARNING * * *
You feel sick. The adder bites you.
* * * LOW HITPOINT WARNING * * *
The goblin barely misses you. The adder completely misses you.
Unknown command.
You sock the adder!
You kill the adder!
Lugonu accepts your kill.
You die...

...........#...
.........#$....
.........$........
...................
....................
..........#.........
........g.#...........
.......@..##..........
......#...............
..... #$.......# .....
.... #........#......
... #........#....>.
.. { #...............
. #........######{ .
{#..........# .
##########.# #.#


You could see a goblin.

Vanquished Creatures
  An adder (D:2)
  A giant cockroach (D:1)
  2 goblins (D:1)
  A hobgoblin (D:1)
  A bat (D:1)
6 creatures vanquished.

Notes
Turn   | Place    | Note
-------+----------+-------------------------------------------
     0 | Abyss:1  | marklar909 the Formicid Abyssal Knight began the quest for
                  | the Orb.
     0 | Abyss:1  | Reached XP level 1. HP: 18/18 MP: 2/2
   119 | Abyss:1  | Found a corrupted altar of Lugonu.
   208 | Abyss:1  | Noticed a wretched star
   211 | Abyss:1  | Noticed a raiju
   214 | Abyss:1  | Noticed a ynoxinul
   215 | D:1      | Escaped the Abyss
   316 | D:1      | Reached skill level 1 in Dodging
   928 | D:1      | Reached XP level 2. HP: 24/24 MP: 3/3
  1327 | D:2      | HP: 1/24 [adder (4)]
  1328 | D:2      | Succumbed to an adder's poison

Illustrated notes

Levels and vault maps discovered:
D:1:      dpeg_arrival_circle_labyrinth_a, layout_loops_corners,
          supply_closet_lemuel
D:2:      minmay_diamond_boxcup, layout_basic, cheibriados_altar_1

Skill      XL: |  1 |
---------------+----+-----
Dodging        | 1 |  1.1
Fighting       | |  3.6
Maces & Flails | |  2.1
Armour         | |  2.2
Stealth        | |  0.7
Invocations    | |  2.4

Action                   || total
-------------------------++-------
Melee: Mace              ||    30
Invok: Depart the Abyss  ||     1
Armor: Leather armour    ||     6
Dodge: Dodged            ||    25

Table legend: (Time is in decaauts)
 A = Elapsed time spent in this place.
 B = Non-inter-level travel time spent in this place.
 C = Inter-level travel time spent in this place.
 D = Time resting spent in this place.
 E = Time spent auto-exploring this place.
 F = Levels seen in this place.
 G = Mean time per level.
                   A        B        C        D        E       F      G
               +--------+--------+--------+--------+--------+-----+--------+
         Total |   1336 |   1296 |     40 |      0 |   1207 |   3 |  445.3 |
       Dungeon |   1121 |   1081 |     40 |      0 |   1014 |   2 |  560.5 |
         Abyss |    215 |    215 |      0 |      0 |    193 |   1 |  215.0 |
               +--------+--------+--------+--------+--------+-----+--------+

Top non-repeatable levels by time:
     D:1: 1038 daAuts
 Abyss:1: 215 daAuts
     D:2: 82 daAuts
